 Dungeon Sprint DCSS version 0.27-a0-1273-gec92ba881d (webtiles) character file.

Game seed: 9107058411728640496

398 mhtbhm the Fighter (level 6, -1/87 HPs)
             Began as a Demonspawn Berserker on June 12, 2021.
             Was an Elder of Trog.
             Succumbed to a hornet's poison
             ... in the Dungeon (Sprint IX: "|||||||||||||||||||||||||||||").
             The game lasted 00:01:17 (616 turns).

mhtbhm the Fighter (Demonspawn Berserker)            Turns: 616, Time: 00:01:18

Health: -1/87      AC: 13    Str: 19    XL:     6   Next: 53%
Magic:  6/6        EV:  9    Int: 12    God:    Trog [****..]
Gold:   0          SH:  0    Dex: 12    Spells: 5/5 levels left

rFire    . . .     SeeInvis .   a - +0 falchion
rCold    . . .     Faith    .   (no shield)
rNeg     . . .     Spirit   .   b - +0 plate armour
rPois    .         Reflect  .   (helmet restricted)
rElec    .         Harm     .   (no cloak)
rCorr    .         Rampage  .   l - +0 pair of gloves
Will     .....     NoTele   +   (no boots)
Stlth    ..........             (no amulet)
HPRegen  0.24/turn              k - +3 ring of intelligence
MPRegen  0.10/turn              m - +2 ring of evasion

@: berserking (expiring), lethally poisoned (-1 -> -17), slowed
A: hooves 1, horns 1, demonic guardian 1, powered by death 1
a: Renounce Religion, Berserk, Trog's Hand, Brothers in Arms


You were in the Dungeon.
You worshipped Trog.
Trog was greatly pleased with you.
You visited 1 branch

Inventory:

Hand Weapons
 a - a +0 falchion (weapon)
Armour
 b - a +0 plate armour (worn)
 l - a +0 pair of gloves (worn)
Jewellery
 k - a +3 ring of intelligence (left hand)
 m - a +2 ring of evasion (right hand)
Wands
 j - a wand of acid (10)
Scrolls
 h - 2 scrolls of blinking
Potions
 c - 5 potions of curing
 d - a potion of invisibility
 e - a potion of haste
 f - 4 potions of magic
 g - a potion of berserk rage
 i - 2 potions of heal wounds


   Skills:
 + Level 9.0 Fighting
 + Level 8.7 Long Blades
 + Level 4.4 Armour
 + Level 4.6 Dodging
 + Level 1.7 Stealth


You had 5 spell levels left.
You didn't know any spells.
Your spell library was empty.

Dungeon Overview and Level Annotations

Branches:
Dungeon (1/1)

Altars:
Cheibriados
Dithmenos
Elyvilon
Fedhas
Gozag
Hepliaklqana
Kikubaaqudgha
Makhleb
Nemelex Xobeh
Okawaru
Qazlal
Ru
Sif Muna
Trog
Uskayaw
Vehumet
Wu Jian
Xom
Yredelemnul
Zin
The Shining One
Beogh
Jiyva
Lugonu


Innate Abilities, Weirdness & Mutations

You have large cloven feet.
You have a pair of small horns on your head.
A weak demonic guardian rushes to your aid.
You regenerate a little health from kills.


Message History

You are more poisoned.
You feel as though you will be slow longer.
The hornet stings you!
You are lethally poisoned!
You feel as though you will be slow longer.
You hit the hornet. You headbutt the hornet.
The hornet is severely wounded.
* * * LOW HITPOINT WARNING * * *
You feel extremely sick. The hornet stings you.
* * * LOW HITPOINT WARNING * * *
A demonic guardian appears!
You feel as though you will be slow longer.
You slash the hornet!
You kill the hornet!
Trog accepts your kill.
You can now call in reinforcements.
* * * LOW HITPOINT WARNING * * *
You feel very sick.
Your Fighting skill gained 2 levels and is now at level 9!
Your Long Blades skill increases to level 8!
Your Armour skill increases to level 4!
You have reached level 6!
Your experience leads to an increase in your attributes!
Your base attributes are Str 18, Int 9, Dex 12.
Increase (S)trength, (I)ntelligence, or (D)exterity?
You feel stronger.
Your demonic ancestry asserts itself...
A wave of death washes over you.
Unknown command.
Unknown command.
You swap places.
* * * LOW HITPOINT WARNING * * *
You feel very sick.
Your ufetubus hits the two-headed ogre.
Your ufetubus hits the two-headed ogre but does no damage.
The two-headed ogre misses your ufetubus.
The two-headed ogre closely misses your ufetubus.
Your ufetubus hits the two-headed ogre. x2
You swap places.
You feel a strong urge to attack something.
You die... ▓▓▓▓▓▓▓▓▓▓▓▓▓▓▓▓▓▓▓▓▓▓▓▓▓▓ _________'.?)..[@55OyoW... ▓▓▓▓▓▓▓▓▓▓▓▓▓▓▓▓▓▓▓▓▓▓▓▓▓▓

You could see a two-headed ogre (ally target), a wraith, a vampire mosquito, an orc priest, a friendly quasit (summoned) and a friendly ufetubus (summoned).

Vanquished Creatures
  A hornet (D)
  A necrophage (D)
  A hound (D)
  An ufetubus (D)
  An orc (D)
  A ball python (D)
  A goblin (D)
  A kobold (D)
  2 rats (D)
10 creatures vanquished.

Vanquished Creatures (collateral kills)
  An ogre (D)
1 creature vanquished.

Grand Total: 11 creatures vanquished

Notes
Turn   | Place    | Note
-------+----------+-------------------------------------------
     0 | D        | mhtbhm the Demonspawn Berserker began the quest for the
                  | Orb.
     0 | D        | Reached XP level 1. HP: 18/18 MP: 1/1
    15 | D        | Reached ** piety under Trog
   251 | D        | Noticed a necrophage
   251 | D        | Noticed a hound
   251 | D        | Noticed an ogre
   258 | D        | Killed a necrophage
   259 | D        | Reached skill level 6 in Fighting
   259 | D        | Reached skill level 5 in Long Blades
   259 | D        | Gained mutation: A weak demonic guardian rushes to your
                  | aid. [demonic ancestry]
   259 | D        | Reached XP level 2. HP: 28/28 MP: 2/2
   259 | D        | Gained mutation: You have large cloven feet. [demonic
                  | ancestry]
   259 | D        | Reached XP level 3. HP: 34/34 MP: 3/3
   259 | D        | Gained mutation: You have a pair of small horns on your
                  | head. [demonic ancestry]
   259 | D        | Reached XP level 4. HP: 40/40 MP: 4/4
   260 | D        | Reached *** piety under Trog
   266 | D        | Reached skill level 1 in Stealth
   273 | D        | Killed an ogre
   274 | D        | Reached skill level 7 in Fighting
   274 | D        | Reached XP level 5. HP: 9/49 MP: 5/5
   534 | D        | Found a snail-covered altar of Cheibriados.
   534 | D        | Found a shadowy altar of Dithmenos.
   534 | D        | Found a blossoming altar of Fedhas.
   534 | D        | Found an opulent altar of Gozag.
   535 | D        | Found a hazy altar of Hepliaklqana.
   536 | D        | Found a viscous altar of Jiyva.
   537 | D        | Found an ancient bone altar of Kikubaaqudgha.
   538 | D        | Found a corrupted altar of Lugonu.
   539 | D        | Found a burning altar of Makhleb.
   540 | D        | Found a sparkling altar of Nemelex Xobeh.
   541 | D        | Found an iron altar of Okawaru.
   542 | D        | Found a stormy altar of Qazlal.
   543 | D        | Found a sacrificial altar of Ru.
   544 | D        | Found a shimmering blue altar of Sif Muna.
   545 | D        | Found a bloodstained altar of Trog.
   546 | D        | Found a hide-covered altar of Uskayaw.
   547 | D        | Found a radiant altar of Vehumet.
   548 | D        | Found an ornate altar of the Wu Jian Council.
   549 | D        | Found a shimmering altar of Xom.
   550 | D        | Found a basalt altar of Yredelemnul.
   605 | D        | Noticed a hornet
   605 | D        | Noticed a two-headed ogre
   605 | D        | Noticed a vampire mosquito
   605 | D        | Noticed a wraith
   605 | D        | Noticed a shadow
   614 | D        | Killed a hornet
   614 | D        | Reached **** piety under Trog
   615 | D        | Reached skill level 9 in Fighting
   615 | D        | Gained mutation: You regenerate a little health from kills.
                  | [demonic ancestry]
   615 | D        | Reached XP level 6. HP: 8/58 MP: 6/6
   615 | D        | HP: 3/87 [poisoned by a hornet]
   616 | D        | Succumbed to a hornet's poison

Illustrated notes

Levels and vault maps discovered:
D:        linesprint [early_d, line_temple, items_1, d_10, items_2, lair_1,
          lair_end, items_3, orc_1, orc_end, items_4, d_15, swamp_1, shoals_1,
          snake_1, spider_1, d_20, vaults_1, items_5, swamp_end, shoals_end,
          snake_end, spider_end, vaults_end, d_27, items_6, zot_1, zot_end,
          crypt_end, forest_end, elf_end, slime_end, tomb_end, abyss_end,
          pan_hell_end]

Skill      XL: |  1  2  3  4  5 |
---------------+----------------+-----
Long Blades    | 5 7 8 |  8.7
Dodging        | 3 4 |  4.6
Fighting       | 6 7 9 |  9.0
Armour         | 2 3 4 |  4.4
Stealth        | 1 |  1.7

Action                   |  1- 3 |  4- 6 || total
-------------------------+-------+-------++-------
Melee: Falchion          |    21 |    20 ||    41
       Kick              |       |     6 ||     6
       Headbutt          |       |     3 ||     3
Invok: Berserk           |     2 |     1 ||     3
  Use: Potion            |       |     1 ||     1
Armor: Animal skin       |     1 |     1 ||     2
       Plate armour      |       |     2 ||     2
Dodge: Dodged            |    11 |     9 ||    20
       Rpst.: Falchion   |     2 |     3 ||     5

Table legend: (Time is in decaauts)
 A = Elapsed time spent in this place.
 B = Non-inter-level travel time spent in this place.
 C = Inter-level travel time spent in this place.
 D = Time resting spent in this place.
 E = Time spent auto-exploring this place.
 F = Levels seen in this place.
 G = Mean time per level.
                   A        B        C        D        E       F      G
               +--------+--------+--------+--------+--------+-----+--------+
         Total |    636 |    636 |      0 |    485 |     23 |   1 |  636.0 |
       Dungeon |    636 |    636 |      0 |    485 |     23 |   1 |  636.0 |
               +--------+--------+--------+--------+--------+-----+--------+

Top non-repeatable levels by time:
       D: 636 daAuts
